 Dungeon Crawl Stone Soup version 0.19-a0-1013-g40768a3 (webtiles) character file.

2361 Gagarin the Blocker (level 9, -11/55 HPs)
             Began as a Gargoyle Fighter on July 24, 2016.
             Was a Believer of Cheibriados.
             Mangled by a polar bear (13 damage)
             ... on level 8 of the Dungeon.
             The game lasted 00:19:31 (7092 turns).

Gagarin the Blocker (Gargoyle Fighter)              Turns: 7092, Time: 00:19:31

Health: -11/55     AC: 19    Str: 28    XL:     9   Next: 44%
Magic:  9/9        EV:  9    Int: 14    God:    Cheibriados [**....]
Gold:   381        SH: 13    Dex: 17    Spells: 0 memorised, 8 levels left

rFire  + . .     SeeInvis .     l - +0 mace (holy)
rCold  . . .     Gourm    .     a - +0 plate armour
rNeg   + . .     Faith    .     c - +1 shield
rPois  ∞         Spirit   .     (no helmet)
rElec  +         Dismiss  .     (no cloak)
rCorr  .         Reflect  .     (no gloves)
SustAt .         Harm     .     o - +0 pair of boots
MR     .....                    (no amulet)
Stlth  ..........               A - +3 ring of dexterity
                                n - ring of protection from fire

@: very slow, not resistant to hostile enchantments, extremely unstealthy
A: negative energy resistance 1, electricity resistance, unbreathing,
petrification resistance, rot immunity, AC +5
a: Bend Time, Renounce Religion


You were on level 8 of the Dungeon.
You worshipped Cheibriados.
Cheibriados was pleased with you.
You were not hungry.

You visited 1 branch of the dungeon, and saw 8 of its levels.

You collected 381 gold pieces.

Inventory:

Hand Weapons
 l - a +0 mace of holy wrath (weapon)
 y - a +0 morningstar
 E - a cursed -2 flail
Missiles
 d - 17 sling bullets
 q - 32 bolts
Armour
 a - a +0 plate armour (worn)
 c - a +1 shield (worn)
 o - a +0 pair of boots (worn)
Jewellery
 n - a ring of protection from fire (left hand)
 A - a +3 ring of dexterity (right hand)
 F - an uncursed ring of sustain attributes
 J - an uncursed ring of stealth
 M - an uncursed ring of stealth
Wands
 G - a wand of random effects (23/48)
Scrolls
 e - a scroll of amnesia
 k - 2 scrolls of identify
 p - 2 scrolls of enchant armour
 t - 4 scrolls of fog
 H - 2 scrolls of remove curse
Potions
 h - a potion of magic {unknown}
 i - 3 potions of agility
 j - a potion of cure mutation {unknown}
 r - 2 potions of curing {unknown}
 u - 2 potions of experience {unknown}
 I - 2 potions of lignification {unknown}
Books
 B - a book of Enchantments

   Spells                             Type                      Level
   a - Cause Fear                     Hexes                        4
   b - Yara's Violent Unravelling     Hexes/Transmutation          5
   c - Silence                        Hexes/Air                    5
   d - Deflect Missiles               Charms/Air                   6
   e - Haste                          Charms                       6
   f - Discord                        Hexes                        8
 L - a book of Spatial Translocations

   Spells                             Type                      Level
   a - Apportation                    Translocation                1
   b - Blink                          Translocation                2
   c - Shroud of Golubria             Charms/Translocation         2
   d - Portal Projectile              Translocation                3
   e - Teleport Other                 Translocation                3
   f - Passage of Golubria            Translocation                4
Comestibles
 f - 4 bread rations
 s - 3 beef jerkies
 w - 2 meat rations
 z - 2 slices of pizza
 C - a royal jelly


   Skills:
 + Level 5.8 Fighting
 + Level 4.9 Maces & Flails
 + Level 1.0 Throwing
 + Level 6.0 Armour
 + Level 4.8 Dodging
 + Level 1.3 Stealth
 + Level 8.4 Shields


You had 8 spell levels left.
You didn't know any spells.

Dungeon Overview and Level Annotations

Branches:
Dungeon (8/15)             Temple (0/1) D:5
   Lair: D:8-11

Altars:
Cheibriados
Dithmenos
Elyvilon
Gozag
Nemelex Xobeh
Pakellas
Trog
Yredelemnul

Shops:
D:4 [

Annotations:
D:7 HAL9000's ghost, novice OgBe


Innate Abilities, Weirdness & Mutations

You are resistant to torment.
Your stone body is resilient. (AC +5)
You are immune to poison.
You resist negative energy. (rN+)
You are resistant to electric shocks. (rElec)
You can survive without breathing.
You are immune to petrification.
You are immune to rotting.


Message History

You hear a shout!
The polar bear bites you but does no damage.
The polar bear claws you but does no damage.
The polar bear barely misses you. You block the polar bear's attack.
The polar bear claws you.
* * * LOW HITPOINT WARNING * * *
The polar bear claws you but does no damage.
The polar bear rages.
The polar bear barely misses you. You block the polar bear's attack.
The polar bear barely misses you.
The orc wizard hits you but does no damage.
You block the polar bear's attack. The polar bear closely misses you.
The polar bear claws you.
* * * LOW HITPOINT WARNING * * *
The polar bear bites you!
* * * LOW HITPOINT WARNING * * *
You block the polar bear's attack. x2
The orc wizard mumbles some strange words.
The orc wizard seems to speed up.
The polar bear bites you!
You die...

#.# #.# #.# .# #.#
#.# #)# #≈.# #[#
≈≈≈# #.# ≈≈≈####
#.##≈≈≈....
#@#≈≈≈≈≈##
####ho≈≈≈≈≈.##
#...o.≈≈≈≈≈... #
#.....####.#..[.
#..........?....
........####.[...#
###.#...≈ .....
#.#.#.≈≈ ##.#
#....#≈≈ .


You could see a polar bear (berserk), an orc wizard and an orc.

Vanquished Creatures
  Joseph (D:8)
  Sigmund (D:2)
  A hungry ghost (D:7)
  An ice beast (D:5)
  An orc warrior (D:7)
  2 black bears (D:6)
  An ogre (D:5)
  2 giant frogs
  A water moccasin skeleton (D:8)
  3 scorpions (D:7)
  4 killer bees (D:7)
  An electric eel (D:8)
  A giant frog zombie (D:8)
  A jelly (D:4)
  3 orc priests
  A giant frog skeleton (D:8)
  4 hounds
  5 orc wizards
  2 worker ants
  6 gnolls (D:5)
  7 adders
  A shadow imp (D:7)
  A white imp (D:8)
  2 oozes
  3 worms
  4 dart slugs
  2 giant geckos
  29 orcs
  2 ball pythons
  7 giant cockroaches
  6 goblins
  13 hobgoblins
  6 jackals
  8 kobolds
  4 quokkas
  6 bats
  A giant gecko zombie (D:4)
  4 giant newts
  A jackal skeleton (D:4)
  2 quokka zombies
  5 rats
156 creatures vanquished.

Vanquished Creatures (others)
  A quokka (D:7)
1 creature vanquished.

Grand Total: 157 creatures vanquished

Notes
Turn   | Place    | Note
-------+----------+-------------------------------------------
     0 | D:1      | Gagarin the Gargoyle Fighter began the quest for the Orb.
     0 | D:1      | Reached XP level 1. HP: 14/14 MP: 1/1
   197 | D:1      | Reached XP level 2. HP: 4/19 MP: 2/2
   571 | D:1      | Reached XP level 3. HP: 21/24 MP: 3/3
  1129 | D:2      | Found a basalt altar of Yredelemnul.
  1189 | D:2      | Reached skill level 1 in Dodging
  1189 | D:2      | Reached XP level 4. HP: 29/29 MP: 4/4
  1214 | D:2      | Noticed Sigmund
  1254 | D:3      | Reached skill level 4 in Shields
  1603 | D:3      | Reached XP level 5. HP: 30/33 MP: 5/5
  1645 | D:3      | Found an opulent altar of Gozag.
  2171 | D:4      | Found Latz's Armour Shop.
  2334 | D:4      | Reached skill level 5 in Shields
  2334 | D:4      | Reached XP level 6. HP: 24/38 MP: 6/6
  2975 | D:4      | Reached XP level 7. HP: 31/44 MP: 7/7
  3325 | D:5      | Entered Level 5 of the Dungeon
  3364 | D:5      | Reached skill level 6 in Shields
  3755 | D:2      | Killed Sigmund
  3755 | D:2      | Reached XP level 8. HP: 16/48 MP: 8/8
  4245 | D:5      | Found a snail-covered altar of Cheibriados.
  4288 | D:5      | Became a worshipper of Cheibriados the Contemplative
  4530 | D:5      | Found a sparkling altar of Nemelex Xobeh.
  4580 | D:5      | Found a staircase to the Ecumenical Temple.
  4737 | D:6      | Found an oddly glowing altar of Pakellas.
  4742 | D:6      | Reached skill level 5 in Armour
  4810 | D:6      | Reached * piety under Cheibriados
  4850 | D:6      | Found a bloodstained altar of Trog.
  4872 | D:6      | Reached skill level 5 in Fighting
  5139 | D:7      | Reached skill level 7 in Shields
  5165 | D:7      | Found a shadowy altar of Dithmenos.
  5280 | D:7      | Found a white marble altar of Elyvilon.
  5290 | D:7      | Noticed HAL9000's ghost (novice OgBe)
  6436 | D:7      | Reached skill level 1 in Stealth
  6446 | D:7      | Reached ** piety under Cheibriados
  6446 | D:7      | Reached XP level 9. HP: 25/54 MP: 9/9
  6823 | D:8      | Noticed Joseph
  6841 | D:8      | Killed Joseph
  6841 | D:8      | Reached skill level 1 in Throwing
  6841 | D:8      | Reached skill level 8 in Shields
  7061 | D:8      | Noticed a polar bear
  7092 | D:8      | HP: 2/55 [polar bear (9)]
  7092 | D:8      | Mangled by a polar bear

Vault maps used:
D:1:      minmay_arrival_plants_in_alcoves, minmay_misc_feat_square,
          minmay_split_cup_small
D:2:      nicolae_overflow_crystal_walls, uniq_sigmund
D:3:      grunt_gozag_breadcrumbs, minmay_misc_feat_diagonals
D:4:      serial_shops, nicolae_shop_crystal
D:5:      lemuel_round_altar, kennysheep_slug_shrine, first_bread
D:6:      trog_ov_bears_minmay, basic_altar
D:7:      nicolae_dithmenos_the_darkroom, elyvilon_altar_4
D:8:      kennysheep_mini, kennysheep_little_box, makhleb_blood_cavern_becter,
          lair_0_dummy, serial_ice, serial_ice_d, serial_ice_l, serial_ice_h,
          serial_ice_g, serial_ice_f, serial_ice_n, uniq_joseph

Skill      XL: |  1  2  3  4  5  6  7  8  9 |
---------------+----------------------------+-----
Dodging        | 1 2 3 4 |  4.8
Shields        | 4 5 6 7 8 |  8.4
Fighting       | 4 5 |  5.8
Armour         | 4 5 6 |  6.0
Maces & Flails | 3 4 |  4.9
Stealth        | 1 |  1.3
Throwing       | 1 |  1.0

Action                   |  1- 3 |  4- 6 |  7- 9 || total
-------------------------+-------+-------+-------++-------
Melee: Flail             |   138 |   179 |       ||   317
       Morningstar       |       |    59 |    89 ||   148
       Mace              |       |       |   384 ||   384
Throw: Throwing net      |     2 |     1 |    12 ||    15
Evoke: Wand              |       |       |     1 ||     1
  Use: Scroll            |       |     6 |     5 ||    11
       Potion            |       |       |     5 ||     5
 Stab: Held in net/web   |       |     1 |       ||     1
  Eat: Chunk             |     1 |     6 |    10 ||    17
       Bread ration      |       |       |     1 ||     1
Armor: Scale mail        |    84 |   144 |   171 ||   399
       Plate armour      |       |       |    68 ||    68
Dodge: Dodged            |    43 |    86 |   193 ||   322
Block: Shield            |    79 |   162 |   394 ||   635
